 Dungeon Crawl Stone Soup version 0.28-a0-779-g3d1f99b579 (webtiles) character file.

Game seed: 14813387751198211084

136912 pokeman the Sorcerer (level 16, -15/92 HPs)
             Began as a Deep Elf Hedge Wizard on Nov 2, 2021.
             Was a High Priest of Vehumet.
             Demolished by an alligator (21 damage)
             ... led by an alligator
             ... on level 2 of the Swamp.
             The game lasted 01:54:56 (39455 turns).

pokeman the Sorcerer (Deep Elf Hedge Wizard)       Turns: 39455, Time: 01:54:57

Health: -15/92     AC: 15    Str: 11    XL:     16   Next: 67%
Magic:  37/55      EV: 11    Int: 33    God:    Vehumet [*****.]
Gold:   3703       SH:  5    Dex: 17    Spells: 34/64 levels left

rFire   + . .      SeeInvis .   A - +11 mace "Xyngar" {drain, MP+9 Str+4 Dex+3}
rCold   + . .      Faith    .   S - +0 buckler
rNeg    . . .      Spirit   .   J - +0 swamp dragon scales
rPois   +          Reflect  .   n - +0 helmet
rElec   .          Harm     .   t - scarf {rC+ rF+}
rCorr   .          Rampage  +   W - +0 pair of gloves
Will    +....                   k - +2 pair of boots {rampage}
Stlth   ++........              x - amulet of magic regeneration
HPRegen 0.25/turn               F - ring of flight
MPRegen 0.59/turn               E - +6 ring of intelligence

@: marked, flying, studying Short Blades
A: no striking features
a: Renounce Religion


You were on level 2 of the Swamp.
You worshipped Vehumet.
Vehumet was extremely pleased with you.
You visited 6 branches of the dungeon, and saw 27 of its levels.
You also visited: Bailey and Volcano.

You collected 3919 gold pieces.
You spent 216 gold pieces at shops.

Inventory:

Hand Weapons
 d - a +0 shortbow of flaming
 A - the +11 mace "Xyngar" (weapon) {drain, MP+9 Str+4 Dex+3}
   (You found it on level 4 of the Dungeon)

   A truly terrible weapon, it drains the life of any living foe it strikes.
   Str:       It affects your strength (+4).
   Dex:       It affects your dexterity (+3).
   MP:        It affects your magic capacity (+9).
 B - the +6 falchion of Extremism {spect, rPois rCorr}
   (You found it on level 6 of the Lair of Beasts)

   When its wielder attacks, the weapon's spirit leaps out and strikes again.
   The spirit shares a part of any damage it takes with its wielder.
   rPois:     It protects you from poison.
   rCorr:     It protects you from acid and corrosion.
Missiles
 h - 597 arrows
 L - 291 bolts
Armour
 k - a +2 pair of boots of rampaging (worn)
 n - a +0 helmet (worn)
 t - a scarf of resistance (worn)
 u - +0 acid dragon scales
 C - a +1 leather armour of cold resistance
 G - the +3 leather armour of Xuusunif {+Inv rElec Slay+2}
   (You found it on level 1 of the Swamp)

   Slay:      It affects your accuracy & damage with ranged weapons and melee
   (+2).
   rElec:     It insulates you from electricity.
   +Inv:      It lets you turn invisible.
 J - +0 swamp dragon scales (worn)
 S - a +0 buckler (worn)
 W - a +0 pair of gloves (worn)
Jewellery
 j - a ring of see invisible
 o - a +4 ring of protection
 x - an amulet of magic regeneration (around neck)
 E - a +6 ring of intelligence (right hand)
 F - a ring of flight (left hand)
 H - a ring of fire
 Y - a ring of ice
Wands
 f - a wand of flame (29)
 r - a wand of polymorph (8)
 s - a wand of digging (5)
 y - a wand of iceblast (5)
 D - a wand of acid (41)
Scrolls
 a - a scroll of fog
 e - 2 scrolls of blinking
 i - a scroll of fear
 l - 9 scrolls of teleportation
 m - 3 scrolls of magic mapping
 p - a scroll of silence
 v - a scroll of summoning
Potions
 b - 19 potions of curing
 g - 2 potions of magic {unknown}
 q - a potion of might
 w - a potion of invisibility {unknown}
 z - 2 potions of haste
 I - a potion of resistance {unknown}
 M - 3 potions of cancellation {unknown}
 T - 4 potions of flight {unknown}
Miscellaneous
 c - a box of beasts
 K - a lightning rod (4/4)


   Skills:
 + Level 7.3 Fighting
 - Level 8.0 Armour
 - Level 3.0 Dodging
 - Level 3.1 Stealth
 - Level 4.0 Shields
 * Level 24.5 Spellcasting
 + Level 15.1 Conjurations
 - Level 1.1 Summonings
 - Level 1.1 Translocations
 - Level 1.0 Transmutations
 + Level 14.8 Fire Magic
 - Level 1.0 Air Magic
 - Level 2.0 Earth Magic
 - Level 1.4 Poison Magic
 - Level 1.0 Evocations


You had 34 spell levels left.
You knew the following spells:

 Your Spells              Type           Power      Damage    Failure   Level
a - Magic Dart            Conj           100%       1d8       0%          1
b - Mephitic Cloud        Conj/Pois/Air  68%        N/A       1%          3
c - Call Imp              Summ           47%        N/A       1%          2
d - Blink                 Tloc           94%        N/A       1%          2
e - Conjure Flame         Conj/Fire      96%        6-21      0%          3
f - Foxfire               Conj/Fire      100%       2x1d9     0%          1
g - Flame Wave            Conj/Fire      96%        3d16      1%          4
h - Wereblood             Tmut           47%        N/A       1%          2
i - Iron Shot             Conj/Erth      38%        9d8       1%          6
j - Starburst             Conj/Fire      48%        6d13      1%          6

Your spell library contained the following spells:

 Spells                   Type           Power      Damage    Failure   Level
 Yara's Violent Unravell  Hex/Tmut       21%        3d10      9%          5
 Slow                     Hex            100%       N/A       1%          1
 Corpse Rot               Necr/Air       86%        N/A       1%          2
 Static Discharge         Conj/Air       76%        N/A       1%          2
 Sublimation of Blood     Necr           40%        N/A       1%          2
 Inner Flame              Hex/Fire       73%        N/A       1%          3
 Sticky Flame             Conj/Fire      96%        2d11      1%          4
 Fireball                 Conj/Fire      48%        3d19      1%          5
 Gell's Gravitas          Tloc           47%        N/A       2%          3
 Lesser Beckoning         Tloc           47%        N/A       2%          3
 Teleport Other           Tloc           47%        N/A       2%          3
 Olgreb's Toxic Radiance  Pois           49%        N/A       2%          4
 Portal Projectile        Hex/Tloc       88%        N/A       3%          3
 Confusing Touch          Hex            40%        N/A       4%          3
 Vampiric Draining        Necr           40%        2d8       4%          3
 Ignition                 Fire           47%        3d13      5%          8
 Animate Armour           Summ/Erth      100%       N/A       7%          4
 Dispel Undead            Necr           40%        3d16      13%         4
 Blade Hands              Tmut           23%        N/A       24%         5
 Excruciating Wounds      Necr           20%        N/A       36%         5
 Death Channel            Necr           20%        N/A       90%         6
 Ozocubu's Refrigeration  Ice            20%        4d9       93%         7
 Summon Hydra             Summ           23%        N/A       100%        7


Dungeon Overview and Level Annotations

Branches:
Dungeon (15/15)            Temple (1/1) D:7            Lair (6/6) D:8
  Swamp (2/4) Lair:4       Spider (0/4) Lair:2        Slime (0/5) Lair:5
    Orc (2/2) D:10            Elf (1/3) Orc:2        Vaults (0/5) D:13
 Depths (0/4) D:15         Bailey (visited)         Volcano (visited)

Altars:
Ashenzari
Cheibriados
Dithmenos
Elyvilon
Fedhas
Gozag
Kikubaaqudgha
Makhleb
Nemelex Xobeh
Okawaru
Qazlal
Ru
Sif Muna
Uskayaw
Vehumet
Wu Jian
Xom
The Shining One

Shops:
D:3 *   D:9 !   D:10 [(   D:12 (   Orc:2 (=[*


Message History

You kill the tyrant leech!
Vehumet accepts your kill.
You feel your power returning.
The bolt of fire hits the bunyip!!!
You kill the bunyip!
Vehumet accepts your kill.
You feel your power returning.
The mangrove smoulders and burns.
A vampire mosquito comes into view.
The alligator bites you! The alligator closely misses you.
The alligator is engulfed in blazing flames.
The tyrant leech is engulfed in blazing flames.
The eleionoma is engulfed in a cloud of scalding steam.
The eleionoma hurls a spray of splinters at you.
The spray of wooden splinters hits you!!
* * * LOW HITPOINT WARNING * * *
The spray of wooden splinters hits the tyrant leech!!
A five-headed hydra comes into view.
The alligator is engulfed in blazing flames.
You kill the alligator!
Vehumet accepts your kill.
You feel your power returning.
Casting: Starburst (mildly dangerous; 1% risk of failure)
Confirm with . or Enter, or press ? or * to list all spells.
Casting: Starburst (mildly dangerous; 1% risk of failure)
Press: ? - help, Dir - look around, f - activate
Okay, then.
Unknown command.
Unknown command.
Casting: Starburst (mildly dangerous; 1% risk of failure)
Confirm with . or Enter, or press ? or * to list all spells.
You blink.
The alligator is engulfed in a cloud of scalding steam.
The alligator barely misses you. The alligator tail-slaps you.
* * * LOW HITPOINT WARNING * * *
The eleionoma is engulfed in a cloud of scalding steam.
The tyrant leech is engulfed in a cloud of scalding steam.
The tyrant leech bites you but does no damage.
Your magical contamination has completely faded away.
You block the vampire mosquito's attack.
The eleionoma flows through the trees.
The alligator bites you!!
You die...

≈≈≈≈≈.♣♣ ♣≈≈≈≈.≈
≈≈.♣♣.≈≈≈...≈♣♣♣≈≈≈≈..
≈≈..≈≈≈§.♣..≈..♣≈≈≈..
≈.≈≈≈≈..≈.≈≈.......≈
§..≈≈.♣♣.≈≈≈≈≈≈≈≈≈..
♣≈.≈.☼§.≈≈≈§≈≈≈...≈ ≈
♣≈.≈§§..≈≈§≈≈...♣≈
≈...♣♣♣♣y.○........♣♣♣♣♣
≈≈.≈≈.☼@tt(†§.≈..≈♣♣
≈≈.≈≈≈§R○w.§..°§≈♣♣
≈≈§≈≈D♣♣☼≈.≈≈.♣♣♣♣
≈....≈♣....≈.§♣
≈.≈..≈≈≈≈≈≈§≈≈≈♣
≈.♣♣.≈§†..≈≈≈≈≈≈♣ ≈
♣≈....≈§§≈.≈≈♣
♣≈..≈≈≈..≈≈♣♣≈
....≈≈♣♣♣♣♣ ≈


You could see an eleionoma, 2 alligators, a five-headed hydra, a tyrant leech
and a vampire mosquito.

Vanquished Creatures
  An orc warlord (Orc:2)
  A deep elf sorcerer (Elf:1)
  An ironbound preserver (D:13)
  A bunyip (Swamp:2)
  An eleionoma (Swamp:1)
  Josephine (Lair:4)
  A fire dragon (Lair:6)
  Fannar (D:10)
  A shambling mangrove (Swamp:2)
  13 hydras
  6 boulder beetles
  5 centaur warriors
  A death knight (D:13)
  A catoblepas (D:15)
  An alligator (Swamp:2)
  6 two-headed ogres
  6 death yaks
  2 orc high priests (Orc:2)
  2 dancing weapons (Elf:1)
  A vampire mage (D:15)
  2 deep elf knights (Elf:1)
  4 skeletal warriors
  3 goliath frogs (Swamp:1)
  3 swamp dragons
  2 spriggan druids (Swamp:1)
  12 deep elf pyromancers
  A wizard (Elf:1)
  A shadow dragon zombie (D:15)
  4 orc knights
  4 deep elf archers (Elf:1)
  3 bog bodies
  A necromancer (D:15)
  4 oklob plants
  9 deep elf zephyrmancers (Elf:1)
  7 orc sorcerers (Orc:2)
  4 manticores
  A wolf spider (Lair:6)
  22 ugly things
  A will-o-the-wisp (Swamp:2)
  6 cyclopes
  11 elephants (Lair:6)
  Maurice (D:10)
  A guardian serpent (Lair:6)
  9 black mambas
  A torpor snail (Lair:4)
  5 gargoyles
  16 cane toads
  2 spriggan zombies (D:15)
  2 unseen horrors
  Maggie (D:7)
  2 kobold demonologists
  2 rime drakes (Lair:6)
  9 yaktaurs (D:15)
  A freezing wraith (D:12)
  11 komodo dragons
  A burning bush (Lair:3)
  5 trolls
  A bloated husk (Swamp:1)
  A jumping spider (shapeshifter) (D:13)
  6 hornets
  3 polar bears
  4 tyrant leeches
  19 slime creatures
  9 dream sheep (Lair:4)
  2 harpy skeletons (Volcano)
  34 blink frogs
  A meliai zombie (D:11)
  A spriggan (Swamp:1)
  2 redbacks (Lair:6)
  2 vampires
  A shadow (D:12)
  3 flying skulls (Volcano)
  10 wyverns
  8 basilisks
  2 fire elementals (Elf:1)
  5 wraiths
  A water elemental (Elf:1)
  44 yaks
  2 air elementals (Elf:1)
  A steam dragon (Lair:2)
  10 vampire mosquitoes
  A human zombie (D:15)
  7 swamp worms
  3 wargs (Orc:2)
  3 acid dragons
  Duvessa (D:4)
  22 water moccasins
  38 orc warriors
  4 swamp drakes
  2 ice beasts
  A black bear (D:6)
  2 necrophages (D:5)
  8 ogres
  2 boggarts (Elf:1)
  11 centaurs
  5 wolves (Lair:3)
  A phantom (D:3)
  9 bullfrogs
  A wyvern zombie (D:7)
  A gnoll sergeant (D:8)
  10 kobold brigands
  2 scorpions (D:6)
  Dowan (D:4)
  7 killer bees
  2 spriggan skeletons (Volcano)
  2 electric eels
  9 howler monkeys
  2 lava snakes (Lair:3)
  A bullfrog zombie (D:6)
  2 centaur zombies (D:9)
  4 hounds
  A jelly (D:8)
  Crazy Yiuf (D:4)
  9 orc priests
  2 bullfrog skeletons (D:5)
  2 centaur skeletons
  A gnoll shaman (D:4)
  19 orc wizards
  6 iguanas
  4 hell rats (Lair:5)
  A killer bee zombie (D:6)
  A hound zombie (D:5)
  A naga skeleton (Volcano)
  A mummy (D:8)
  A howler monkey zombie (D:7)
  11 gnolls
  A howler monkey skeleton (D:5)
  5 adders
  2 shadow imps (D:11)
  An ufetubus (D:6)
  An adder zombie (D:3)
  2 worms
  2 dart slugs
  77 orcs
  12 bats
  8 endoplasms
  3 giant cockroaches
  8 goblins
  16 hobgoblins
  A jackal (D:2)
  56 kobolds
  7 quokkas
  8 ball pythons
  2 frilled lizards (D:3)
  2 hobgoblin zombies (D:8)
  10 kobold skeletons (D:11)
  8 kobold zombies (D:11)
  2 orc zombies (D:8)
  5 rats
  7 bushes
  A foxfire (D:9)
  A fungus (Orc:2)
872 creatures vanquished.

Vanquished Creatures (collateral kills)
  2 orcs (D:3)
  8 foxfires
10 creatures vanquished.

Vanquished Creatures (others)
  A bush (Lair:4)
  880 foxfires
  71 fungi
  94 plants
  2 withered plants (D:15)
1048 creatures vanquished.

Grand Total: 1930 creatures vanquished

Notes
Turn   | Place    | Note
-------+----------+-------------------------------------------
     0 | D:1      | pokeman the Deep Elf Hedge Wizard began the quest for the
                  | Orb.
     0 | D:1      | Reached XP level 1. HP: 10/10 MP: 7/7
   285 | D:1      | Reached XP level 2. HP: 15/15 MP: 7/9
   661 | D:1      | Found a faded altar of an unknown god.
  1108 | D:1      | Reached skill level 5 in Spellcasting
  1277 | D:2      | Reached XP level 3. HP: 20/20 MP: 5/11
  1281 | D:2      | Learned a level 3 spell: Mephitic Cloud
  1284 | D:2      | Learned a level 2 spell: Call Imp
  1287 | D:2      | Learned a level 2 spell: Blink
  1291 | D:2      | Learned a level 3 spell: Conjure Flame
  2091 | D:2      | Reached skill level 1 in Armour
  2110 | D:2      | Reached skill level 1 in Fighting
  2737 | D:2      | Reached XP level 4. HP: 21/25 MP: 4/13
  3065 | D:3      | Reached skill level 1 in Fire Magic
  3332 | D:3      | Reached skill level 6 in Spellcasting
  3433 | D:3      | Noticed a +0 dagger
  3434 | D:3      | Found a hide-covered altar of Uskayaw.
  3434 | D:3      | Noticed a +0 dagger
  3735 | D:3      | Reached XP level 5. HP: 29/29 MP: 13/15
  3827 | D:3      | Found Ixtul's General Store.
  3854 | D:3      | Bought 3 scrolls of identify for 66 gold pieces
  4242 | D:4      | Noticed Duvessa
  4243 | D:4      | Noticed Dowan
  4260 | D:4      | Noticed a phantom
  4387 | D:4      | Killed Dowan
  4388 | D:4      | Reached skill level 1 in Air Magic
  4439 | D:3      | Killed a phantom
  4440 | D:3      | Reached XP level 6. HP: 15/34 MP: 0/17
  4769 | D:4      | Killed Duvessa
  4770 | D:4      | Reached skill level 7 in Spellcasting
  4770 | D:4      | Reached skill level 1 in Poison Magic
  5560 | D:4      | Found a burning altar of Makhleb.
  5855 | D:4      | Found a runed translucent door.
  5855 | D:4      | Identified the +2 mace of Defiance {vamp, Dex+3}
  5858 | D:4      | Noticed Crazy Yiuf
  5881 | D:4      | Identified the +11 mace "Xyngar" {drain, MP+9 Str+4 Dex+3}
  5883 | D:4      | Identified the +9 mace "Ciemocy" {drain, *Noise Str-4 Int+6
                  | Dex+8}
  5948 | D:4      | Killed Crazy Yiuf
  5949 | D:4      | Reached XP level 7. HP: 39/39 MP: 18/20
  6076 | D:5      | Entered Level 5 of the Dungeon
  6235 | D:5      | Reached skill level 8 in Spellcasting
  6488 | D:5      | Identified the +2 robe "Harossae" {rN+}
  6628 | D:5      | Found a shimmering altar of Xom.
  6628 | D:5      | Found a stormy altar of Qazlal.
  7135 | D:6      | Reached XP level 8. HP: 45/45 MP: 22/22
  7266 | D:6      | Reached skill level 9 in Spellcasting
  7669 | D:6      | Reached skill level 5 in Conjurations
  7780 | D:6      | Reached skill level 1 in Evocations
  7875 | D:6      | Reached skill level 10 in Spellcasting
  8180 | D:6      | Learned a level 1 spell: Foxfire
  8185 | D:6      | Learned a level 4 spell: Flame Wave
  8602 | D:7      | Reached XP level 9. HP: 45/50 MP: 25/25
  8668 | D:7      | Noticed Maggie
  8690 | D:7      | Killed Maggie
  8811 | D:7      | Reached skill level 11 in Spellcasting
  8843 | D:7      | Found a staircase to the Ecumenical Temple.
  8874 | D:7      | Reached skill level 5 in Fire Magic
  9096 | D:7      | Found a sacrificial altar of Ru.
  9350 | D:7      | Found a snail-covered altar of Cheibriados.
  9553 | D:8      | Learned a level 2 spell: Wereblood
  9660 | D:8      | Reached skill level 1 in Transmutations
  9665 | D:8      | Reached skill level 12 in Spellcasting
  9819 | D:8      | Found a sparkling altar of Nemelex Xobeh.
 10119 | D:8      | Found a staircase to the Lair.
 10154 | D:8      | Found a broken altar of Ashenzari.
 10412 | D:9      | Noticed a two-headed ogre
 10428 | D:9      | Killed a two-headed ogre
 10429 | D:9      | Reached XP level 10. HP: 51/56 MP: 25/28
 10541 | D:9      | Found a flagged portal.
 10553 | Bailey   | Entered a bailey
 10819 | Bailey   | Noticed an orc knight
 10829 | Bailey   | Reached skill level 13 in Spellcasting
 10830 | Bailey   | Killed an orc knight
 11112 | D:9      | Found an opulent altar of Gozag.
 11204 | D:9      | Noticed a two-headed ogre
 11216 | D:9      | Killed a two-headed ogre
 11280 | D:9      | Found Qenukul's Distillery.
 11283 | D:9      | Bought a potion of curing for 39 gold pieces
 11283 | D:9      | Bought a potion of degeneration for 13 gold pieces
 11283 | D:9      | Bought a potion of curing for 39 gold pieces
 11512 | D:9      | Noticed a two-headed ogre
 11527 | D:9      | Killed a two-headed ogre
 11528 | D:9      | Reached skill level 14 in Spellcasting
 11865 | D:10     | Entered Level 10 of the Dungeon
 11875 | D:10     | Noticed Maurice
 11887 | D:10     | Killed Maurice
 11894 | D:10     | Reached skill level 5 in Armour
 12151 | D:10     | Reached XP level 11. HP: 47/60 MP: 17/31
 12207 | D:10     | Found Adwujyef's Weapon Emporium.
 12207 | D:10     | Found a staircase to the Orcish Mines.
 12207 | D:10     | Found Ryesse Vyle's Armour Emporium.
 12290 | D:10     | HP: 3/60 [yak (4)]
 12292 | D:10     | Found a blossoming altar of Fedhas.
 12697 | D:10     | Noticed Fannar
 12716 | D:10     | Killed Fannar
 12717 | D:10     | Reached skill level 15 in Spellcasting
 12927 | D:10     | Found an iron altar of Okawaru.
 13230 | Temple   | Entered the Ecumenical Temple
 13539 | D:11     | Noticed a two-headed ogre
 13553 | D:11     | Killed a two-headed ogre
 13554 | D:11     | Reached skill level 1 in Shields
 14023 | Temple   | Became a worshipper of Vehumet
 14394 | D:11     | Found a shadowy altar of Dithmenos.
 14656 | D:11     | Noticed a five-headed hydra
 14657 | D:11     | Reached skill level 16 in Spellcasting
 14976 | D:11     | Found an ancient bone altar of Kikubaaqudgha.
 15314 | D:11     | Killed a five-headed hydra
 15381 | D:12     | Noticed a five-headed hydra
 15389 | D:12     | Killed a five-headed hydra
 15436 | D:12     | Reached XP level 12. HP: 64/64 MP: 31/34
 15451 | D:12     | Reached * piety under Vehumet
 15451 | D:12     | Offered knowledge of Shock by Vehumet.
 15624 | D:12     | Noticed a two-headed ogre
 15632 | D:12     | Killed a two-headed ogre
 15911 | D:12     | Reached skill level 10 in Conjurations
 16401 | D:12     | Reached skill level 17 in Spellcasting
 16522 | D:12     | Found a blossoming altar of Fedhas.
 16858 | D:12     | Found Qium Myscho's Antique Weapon Shop.
 17345 | D:13     | Found a broken altar of Ashenzari.
 17349 | D:13     | Noticed a centaur warrior
 17362 | D:13     | Killed a centaur warrior
 17362 | D:13     | Noticed a boulder beetle
 17370 | D:13     | Killed a boulder beetle
 17383 | D:13     | Noticed a two-headed ogre
 17597 | D:13     | Noticed a centaur warrior
 17603 | D:13     | Killed a centaur warrior
 17604 | D:13     | Reached skill level 10 in Fire Magic
 17733 | D:13     | Killed a two-headed ogre
 17794 | D:13     | Noticed a death knight
 17799 | D:13     | Noticed an ironbound preserver
 17810 | D:13     | Killed a death knight
 17813 | D:13     | Killed an ironbound preserver
 17813 | D:13     | Reached ** piety under Vehumet
 17814 | D:13     | Reached skill level 18 in Spellcasting
 17827 | D:13     | Offered knowledge of Poisonous Vapours by Vehumet.
 18330 | D:13     | Found a gate to the Vaults.
 18537 | D:13     | Noticed a boulder beetle
 18907 | D:13     | Killed a boulder beetle
 18908 | D:13     | Reached XP level 13. HP: 70/70 MP: 18/37
 19408 | Lair:1   | Entered Level 1 of the Lair of Beasts
 20498 | Lair:2   | Offered knowledge of Frozen Ramparts by Vehumet.
 20503 | Lair:2   | Reached skill level 19 in Spellcasting
 20594 | Lair:2   | Reached *** piety under Vehumet
 20823 | Lair:2   | Found a hole to the Spider Nest.
 21402 | Lair:2   | Learned a level 6 spell: Iron Shot
 21907 | Lair:3   | Reached skill level 5 in Fighting
 21983 | Lair:3   | Reached skill level 1 in Earth Magic
 22478 | Lair:3   | Offered knowledge of Airstrike by Vehumet.
 23161 | Lair:3   | Reached skill level 20 in Spellcasting
 23309 | Lair:4   | Found a dark tunnel.
 23315 | Volcano  | Entered a volcano
 23398 | Volcano  | Reached XP level 14. HP: 41/78 MP: 40/40
 23700 | Volcano  | Reached **** piety under Vehumet
 24332 | Lair:4   | Found a staircase to the Swamp.
 24341 | Lair:4   | Offered knowledge of Fulminant Prism by Vehumet.
 25360 | Lair:4   | Noticed Josephine
 25384 | Lair:4   | Killed Josephine
 25457 | Lair:4   | Found a transporter.
 25458 | Lair:4   | Found a transporter.
 25871 | Lair:5   | Identified a scroll of acquirement
 25872 | Lair:5   | Acquired 1004 gold pieces
 25994 | Lair:5   | Found a staircase to the Slime Pits.
 26185 | Lair:5   | Reached skill level 21 in Spellcasting
 26480 | Lair:5   | You fall into a shaft and drop 1 floor!
 26480 | Lair:6   | Entered Level 6 of the Lair of Beasts
 27221 | Lair:6   | Reached ***** piety under Vehumet
 27221 | Lair:6   | Offered knowledge of Hailstorm by Vehumet.
 27266 | Lair:6   | Found an iron altar of Okawaru.
 27726 | Lair:6   | Paralysed by a hornet for 1 turns
 27752 | Lair:6   | HP: 4/82 [komodo dragon (15)]
 28245 | Lair:6   | Reached XP level 15. HP: 11/86 MP: 42/42
 28965 | Lair:6   | Reached skill level 22 in Spellcasting
 29998 | Lair:6   | Identified the +6 falchion of Extremism {spect, rPois
                  | rCorr}
 30873 | D:13     | Offered knowledge of Conjure Ball Lightning by Vehumet.
 31152 | D:14     | Found a shimmering altar of Xom.
 31154 | D:14     | Found a shimmering altar of Xom.
 31162 | D:14     | Found a shimmering altar of Xom.
 31539 | D:15     | Entered Level 15 of the Dungeon
 31929 | D:15     | Found a staircase to the Depths.
 32695 | D:15     | Identified the +1 robe of Hepliaklqana's Hope {Str+6 Dex-3}
 33044 | D:15     | Reached skill level 23 in Spellcasting
 33955 | Orc:1    | Entered Level 1 of the Orcish Mines
 34150 | Orc:2    | Entered Level 2 of the Orcish Mines
 34289 | Orc:1    | Offered knowledge of Starburst by Vehumet.
 34299 | Orc:1    | Learned a level 6 spell: Starburst
 35059 | Orc:2    | Found Soep's Antique Weapon Shoppe.
 35094 | Orc:2    | Noticed an orc warlord
 35106 | Orc:2    | Killed an orc warlord
 35282 | Orc:2    | Reached XP level 16. HP: 51/92 MP: 37/45
 35678 | Orc:2    | Offered knowledge of Yara's Violent Unravelling by Vehumet.
 35706 | Orc:2    | Found Soffiyf's General Store.
 35715 | Orc:2    | Bought a scroll of magic mapping for 59 gold pieces
 35716 | Orc:2    | Found a staircase to the Elven Halls.
 35759 | Orc:2    | Found Tiozagir's Antique Armour Boutique.
 35776 | Orc:2    | Found Modewicy's Jewellery Emporium.
 36078 | Elf:1    | Entered Level 1 of the Elven Halls
 36083 | Elf:1    | Paralysed by an air elemental for 1 turns
 36151 | Elf:1    | Paralysed by an air elemental for 1 turns
 37802 | Elf:1    | Found a shimmering blue altar of Sif Muna.
 37813 | Elf:1    | Reached skill level 24 in Spellcasting
 38337 | Swamp:1  | Entered Level 1 of the Swamp
 38734 | Swamp:1  | Reached skill level 15 in Conjurations
 38884 | Swamp:1  | Identified the +3 leather armour of Xuusunif {+Inv rElec
                  | Slay+2}
 39455 | Swamp:2  | Demolished by an alligator

Illustrated notes

Levels and vault maps discovered:
D:1:      minmay_arrival_arboretum_small, layout_basic,
          shapermc_ecumenical_altar_ellora
D:2:      kennysheep_six_static_rooms, layout_loops_ring
D:3:      layout_loops_ring, dancing_weapons_uskayaw, serial_shops, shop,
          corexii_leaking_fountain, minmay_ruptured
D:4:      layout_loops_ring, lightli_temple_of_fire, uniq_duvessa,
          uniq_crazy_yiuf_cottage
D:5:      layout_cave_pools, gammafunk_temple_overflow_pools,
          corexii_hall_statues_s
D:6:      layout_basic
D:7:      layout_loops_cross, kennysheep_mini_moat,
          mainiacjoe_overflow_chevrons, minmay_temple_entry_from_below_a,
          chequers_jeans, uniq_maggie
D:8:      layout_basic, mainiacjoe_overflow_cross_hatched,
          ashenzari_conservatory_becter, lair_entry_dummy, minmay_mini_ossuary
D:9:      layout_roguey, mainiacjoe_overflow_small_starburst, enter_bailey_2,
          serial_shops, nicolae_shop_stone, grunt_ministairs_3
D:10:     layout_cave_pools, kennysheep_little_box, overflow_temple_1_default,
          orc_david_3, grunt_ministairs_12, roderic_batcave, dk_noncrumbling_2,
          st_stairs_7, uniq_fannar, uniq_maurice
D:11:     wander_kiku_kobolds, layout_stronghold,
          nicolae_dithmenos_through_a_glass_darkly
D:12:     layout_basic, serial_shops, shop_statue, fedhas_bush_and_centaur_altar
D:13:     layout_loops_corners, skrybe_vaults_entry_preservation,
          kennysheep_small_circle
D:14:     layout_big_octagon, xom_redecorated, chequers_serial_rivers_large_b,
          kennysheep_generic_room_3
D:15:     gammafunk_depths_entry_grave, layout_gridville, eino_curves_03
Temple:   minmay_temple_curvy_loop
Lair:1:   layout_small_grid, minmay_holes, serial_bayou_pond_c,
          nicolae_lair_grove_arrangements
Lair:2:   layout_long_grid, spider_nest_entry_web_field, st_stairs_9,
          wad_woods_06, infiniplex_staircase_pool, grunt_megastairs_5
Lair:3:   layout_gridlike, evilmike_ambush [evilmike_ambush_outer_basic,
          evilmike_ambush_inner_basic]
Lair:4:   gammafunk_boulding_lane, layout_loops_ring, minmay_swamp_entry_swarm,
          nicolae_volcano_entry_lava_flow, uniq_josephine
Lair:5:   layout_gridlike, minmay_slime_entry_oklob_enclosed,
          serial_bayou_pond_a, st_stairs_5, grunt_megastairs_4
Lair:6:   hangedman_lair_tendril_chambers, layout_small_grid,
          guppyfry_lair_end_dragon, lemuel_centaur_altar
Swamp:1:  layout_falls_marsh, nicolae_swamp_some_circles
Swamp:2:  layout_basic_swamp, evilmike_swamp_ruin_rubble_2, uniq_mlioglotl,
          uniq_roxanne
Orc:1:    cheibrodos_orc_bank, layout_caves
Orc:2:    grunt_orc_gardens, layout_caves, grunt_orc_garden, grunt_orc_garden,
          grunt_orc_garden, grunt_orc_garden
Elf:1:    minmay_elf_arrival_summoners, layout_onion_city, basic_altar,
          hangedman_elf_disciples

Skill      XL: |  1  2  3  4  5  6  7  8  9 10 11 12 13 14 15 16 |
---------------+-------------------------------------------------+-----
Spellcasting   | 5 6 7 8 10 12 14 16 18 20 21 23 24 | 24.5
Armour         | 1 2 3 5 7 8 |  8.0
Fighting       | 1 2 3 5 7 |  7.3
Conjurations   | 2 3 4 5 7 8 9 11 12 13 14 15 | 15.1
Fire Magic     | 1 3 4 6 7 9 10 11 12 14 | 14.8
Dodging        | 3 |  3.0
Air Magic      | 1 |  1.0
Stealth        | 3 |  3.1
Poison Magic   | 1 |  1.4
Evocations     | 1 |  1.0
Transmutations | 1 |  1.0
Shields        | 2 4 |  4.0
Earth Magic    | 2 |  2.0
Summonings     | |  1.1
Translocations | |  1.1

Action                   |  1- 3 |  4- 6 |  7- 9 | 10-12 | 13-15 | 16-18 || total
-------------------------+-------+-------+-------+-------+-------+-------++-------
Melee: Dagger            |       |    31 |       |       |       |       ||    31
       Mace              |       |       |    44 |    55 |    97 |     5 ||   201
 Cast: Magic Dart        |   115 |   116 |   138 |       |     2 |       ||   371
       Mephitic Cloud    |       |     8 |    16 |    34 |    36 |     5 ||    99
       Conjure Flame     |       |     6 |    17 |    20 |     9 |       ||    52
       Call Imp          |       |     3 |     1 |     4 |     1 |       ||     9
       Foxfire           |       |       |    73 |   205 |   226 |     9 ||   513
       Blink             |       |       |     1 |    23 |     7 |     1 ||    32
       Flame Wave        |       |       |     7 |    87 |   149 |     6 ||   249
       Wereblood         |       |       |     1 |     6 |     4 |       ||    11
       Iron Shot         |       |       |       |       |   149 |    79 ||   228
       Starburst         |       |       |       |       |    14 |    41 ||    55
Evoke: Wand              |       |       |       |       |     3 |       ||     3
       Box of beasts     |       |       |       |       |     1 |       ||     1
  Use: Scroll            |       |       |       |    13 |    15 |     2 ||    30
       Potion            |       |       |       |     3 |     2 |       ||     5
 Stab: Confused          |       |     3 |     3 |     5 |       |     2 ||    13
       Sleeping          |       |       |       |       |     5 |       ||     5
       Distracted        |       |       |       |       |     1 |       ||     1
Armor: Robe              |     5 |       |       |       |       |       ||     5
       Leather armour    |       |    17 |    17 |       |       |       ||    34
       Steam dragon scal |       |       |     9 |    60 |     9 |       ||    78
       Acid dragon scale |       |       |       |       |   148 |    28 ||   176
       Swamp dragon scal |       |       |       |       |       |     1 ||     1
Dodge: Dodged            |    16 |    26 |    42 |   118 |   196 |    30 ||   428
Block: Other             |     2 |     9 |    18 |    54 |       |       ||    83
       Reflection        |       |       |     1 |     9 |     3 |       ||    13
       Buckler           |       |       |       |       |   132 |    13 ||   145

Table legend: (Time is in decaauts)
 A = Elapsed time spent in this place.
 B = Non-inter-level travel time spent in this place.
 C = Inter-level travel time spent in this place.
 D = Time resting spent in this place.
 E = Time spent auto-exploring this place.
 F = Levels seen in this place.
 G = Mean time per level.
                   A        B        C        D        E       F      G
               +--------+--------+--------+--------+--------+-----+--------+
         Total |  39689 |  37470 |   2219 |   5642 |  25779 |  29 | 1368.6 |
       Dungeon |  22659 |  21200 |   1459 |   3296 |  14435 |  15 | 1510.6 |
        Temple |    274 |    207 |     67 |      0 |    104 |   1 |  274.0 |
          Lair |  10128 |   9597 |    531 |   1165 |   7110 |   6 | 1688.0 |
         Swamp |   1164 |   1153 |     11 |    150 |    780 |   2 |  582.0 |
  Orcish Mines |   2700 |   2584 |    116 |    890 |   1316 |   2 | 1350.0 |
   Elven Halls |   1575 |   1543 |     32 |     25 |   1301 |   1 | 1575.0 |
        Bailey |    450 |    450 |      0 |      6 |    282 |   1 |  450.0 |
       Volcano |    737 |    737 |      0 |    110 |    450 |   1 |  737.0 |
               +--------+--------+--------+--------+--------+-----+--------+

Top non-repeatable levels by time:
  Lair:6: 2558 daAuts
    D:13: 2329 daAuts
    D:15: 2096 daAuts
    D:12: 1932 daAuts
  Lair:4: 1917 daAuts
    D:11: 1871 daAuts
  Lair:2: 1799 daAuts
  Lair:5: 1766 daAuts
     D:2: 1699 daAuts
     D:4: 1593 daAuts
   Orc:2: 1583 daAuts
   Elf:1: 1575 daAuts
     D:1: 1514 daAuts
     D:6: 1342 daAuts
     D:9: 1310 daAuts
